 Dungeon Crawl Stone Soup version 0.19.1-1-g22dce08 (webtiles) character file.

85 Alarkh the Chopper (level 4, -1/33 HPs)
             Began as a Demonspawn Skald on Jan 11, 2017.
             Slain by a gnoll
             ... wielding a +0 halberd
              (15 damage)
             ... on level 3 of the Dungeon.
             The game lasted 00:02:08 (2215 turns).

Alarkh the Chopper (Demonspawn Skald)               Turns: 2215, Time: 00:02:09

Health: -1/33      AC:  3    Str: 12    XL:     4   Next: 25%
Magic:  6/7        EV: 11    Int: 15    God:
Gold:   83         SH:  0    Dex: 12    Spells: 1 memorised, 6 levels left

rFire  . . .     SeeInvis .     a - +0 hand axe
rCold  . . .     Gourm    .     b - +0 leather armour
rNeg   . . .     Faith    .     (no shield)
rPois  .         Spirit   .     (helmet restricted)
rElec  .         Reflect  .     (no cloak)
rCorr  .         Harm     .     (no gloves)
MR     .....                    (no boots)
Stlth  +.........               (no amulet)
                                (no ring)
                                (no ring)

@: infused
A: antennae 1, demonic guardian 1
a: no special abilities


You were on level 3 of the Dungeon.
You were hungry.

You visited 1 branch of the dungeon, and saw 3 of its levels.

You collected 83 gold pieces.

Inventory:

Hand Weapons
 a - a +0 hand axe (weapon)
Armour
 b - a +0 leather armour (worn)
Jewellery
 n - an uncursed ring of ice {unknown}
Scrolls
 e - 3 scrolls of remove curse {unknown}
 g - 2 scrolls of amnesia {unknown}
 h - a scroll of identify {unknown}
 i - a scroll of recharging {unknown}
 o - a scroll of immolation {unknown}
Potions
 f - a potion of degeneration {unknown}
 j - a potion of cure mutation
Books
 c - a book of Battle

   Spells                             Type                      Level
   a - Infusion                       Charms                       1
   b - Shroud of Golubria             Charms/Translocation         2
   c - Song of Slaying                Charms                       2
   d - Spectral Weapon                Hexes/Charms                 3
   e - Regeneration                   Charms/Necromancy            3
Comestibles
 d - a bread ration
 k - a meat ration
 l - a beef jerky
 m - a chunk of flesh


   Skills:
 - Level 2.0 Fighting
 + Level 4.1 Axes
 - Level 0.8 Armour
 - Level 0.8 Dodging
 - Level 2.0 Spellcasting
 - Level 2.6 Charms


You had 6 spell levels left.
You knew the following spells:

 Your Spells              Type           Power        Failure   Level  Hunger
a - Infusion              Chrm           #...         12%         1    #......


Dungeon Overview and Level Annotations

Branches:
Dungeon (3/15)

Altars:


Innate Abilities, Weirdness & Mutations

You have a pair of small antennae on your head.
A weak demonic guardian rushes to your aid.


Message History

You swap places.
Your quasit bites the gnoll.
Your quasit barely misses the gnoll.
Your quasit claws the gnoll.
Your quasit bites the gnoll but does no damage.
Your quasit claws the gnoll but does no damage. x2
The gnoll hits your quasit with a halberd.
Your quasit barely misses the gnoll.
Your quasit claws the gnoll but does no damage.
Your quasit barely misses the gnoll.
The gnoll closely misses your quasit.
Your quasit barely misses the gnoll.
Your quasit closely misses the gnoll.
Your quasit claws the gnoll.
Your quasit bites the gnoll but does no damage.
Your quasit closely misses the gnoll. x2; The gnoll closely misses your quasit.
Your quasit completely misses the gnoll.
Your quasit claws the gnoll. x2; The gnoll closely misses your quasit.
Your quasit barely misses the gnoll.
Your quasit closely misses the gnoll.
Your quasit claws the gnoll.
Your quasit barely misses the gnoll. x2
Your quasit closely misses the gnoll.
Your quasit disappears in a puff of smoke!
The gnoll hits you from afar with a halberd!
You die...

#.# ... #.# .... #.#
g.... #.##).....
#######.....#+#
#.†gg...{.....#
#.#########.###
#.....gg..# #
#############@#
#<........# #.#######
#########.###........
#.....######. #####.#
#.# #.# #.# #.#


You could see 2 gnolls.

Vanquished Creatures
  4 adders
  An ooze (D:1)
  A worm (D:2)
  A dart slug (D:2)
  A giant cockroach (D:1)
  5 goblins
  8 hobgoblins
  5 kobolds
  A quokka (D:2)
  2 bats
  3 frilled lizards
  4 rats
36 creatures vanquished.

Vanquished Creatures (collateral kills)
  A gnoll (D:3)
  A leopard gecko (D:3)
2 creatures vanquished.

Grand Total: 38 creatures vanquished

Notes
Turn   | Place    | Note
-------+----------+-------------------------------------------
     0 | D:1      | Alarkh the Demonspawn Skald began the quest for the Orb.
     0 | D:1      | Reached XP level 1. HP: 16/16 MP: 3/3
    53 | D:1      | Reached skill level 2 in Axes
   159 | D:1      | Gained mutation: A weak demonic guardian rushes to your aid. [demonic ancestry]
   159 | D:1      | Reached XP level 2. HP: 18/22 MP: 3/5
   429 | D:1      | Reached skill level 3 in Axes
   814 | D:2      | Reached XP level 3. HP: 22/27 MP: 6/6
   943 | D:2      | HP: 1/27 [poisoned by an adder]
  1926 | D:2      | Gained mutation: You have a pair of small antennae on your head. [demonic ancestry]
  1926 | D:2      | Reached XP level 4. HP: 28/33 MP: 2/7
  2193 | D:3      | Reached skill level 4 in Axes
  2215 | D:3      | Slain by a gnoll

Skill      XL: |  1  2  3  4 |
---------------+-------------+-----
Axes           | 2 3 4 |  4.1
Fighting       | |  2.0
Armour         | |  0.8
Dodging        | |  0.8
Spellcasting   | |  2.0
Charms         | |  2.6

Action                   |  1- 3 |  4- 6 || total
-------------------------+-------+-------++-------
Melee: Hand axe          |   124 |     7 ||   131
 Cast: Infusion          |    11 |     3 ||    14
  Use: Potion            |     2 |       ||     2
  Eat: Chunk             |     3 |     1 ||     4
Armor: Leather armour    |    28 |    10 ||    38
Dodge: Dodged            |    75 |    14 ||    89
